 Dungeon Crawl Stone Soup version 0.22.1 (webtiles) character file.

3578 MalarOregon the Cleaver (level 10, -2/91 HPs)
             Began as a Hill Orc Fighter on Sept 18, 2018.
             Slain by a hornet (5 damage)
             ... created by a shambling mangrove
             ... on level 7 of the Dungeon.
             The game lasted 00:15:11 (7434 turns).

MalarOregon the Cleaver (Hill Orc Fighter)          Turns: 7434, Time: 00:15:12

Health: -2/91      AC:  9    Str: 24    XL:     10   Next: 10%
Magic:  1/1        EV: 14    Int: 11    God:
Gold:   290        SH: 15    Dex: 15    Spells: 9/9 levels left

rFire    . . .     SeeInvis .   a - +1 war axe
rCold    . . .     Gourm    .   c - +3 shield
rNeg     . . .     Faith    .   l - +1 ring mail "Nestett" {rPois MP-9 Str+4} (curse)
rPois    +         Spirit   .   (no helmet)
rElec    .         Reflect  .   J - +0 cloak
rCorr    .         Harm     .   (no gloves)
MR       .....                  (no boots)
Stlth    ++........             (no amulet)
HPRegen  0.25/turn              (no ring)
MPRegen  0.07/turn              (no ring)

@: agile, berserk cooldown, slowed, very slow
A: no striking features
a: no special abilities


You were on level 7 of the Dungeon.
You were not hungry.

You visited 1 branch of the dungeon, and saw 7 of its levels.

You collected 377 gold pieces.
You spent 87 gold pieces at shops.

Inventory:

Hand Weapons
 a - a +1 war axe (weapon)
 C - the +1 mace of Gravity {crush, +Blink +Rage Int+4, unknown}
   (You found it on level 5 of the Dungeon)

   It inflicts extra damage upon your enemies.
   It affects your intelligence (+4).
   It lets you blink.
   It lets you go berserk.
Armour
 c - a +3 shield (worn)
 l - the cursed +1 ring mail "Nestett" (worn) {rPois MP-9 Str+4}
   (You bought it in a shop on level 7 of the Dungeon)

   It affects your strength (+4).
   It protects you from poison.
   It affects your magic capacity (-9).
   It has a curse placed upon it.
 J - a +0 cloak (worn)
   (You took it off Crazy Yiuf on level 6 of the Dungeon)
Jewellery
 u - an uncursed ring of see invisible {unknown}
   (You found it on level 3 of the Dungeon)
 B - an uncursed ring of fire {unknown}
   (You found it on level 5 of the Dungeon)
 D - an uncursed amulet of faith {unknown}
   (You found it on level 5 of the Dungeon)
 E - an uncursed ring of see invisible {unknown}
   (You found it on level 6 of the Dungeon)
 H - an uncursed amulet of guardian spirit {unknown}
   (You found it on level 6 of the Dungeon)
 I - a cursed -3 ring of strength {unknown}
   (You found it on level 6 of the Dungeon)
 K - an uncursed ring of flight {unknown}
   (You found it on level 6 of the Dungeon)
 L - an uncursed ring of ice {unknown}
   (You found it on level 6 of the Dungeon)
Wands
 t - a wand of polymorph (6)
   (You found it on level 3 of the Dungeon)
 v - a wand of digging (7)
   (You found it on level 6 of the Dungeon)
 x - a wand of acid (8)
   (You found it on level 6 of the Dungeon)
Scrolls
 g - 2 scrolls of teleportation {@r4}
 h - 2 scrolls of fear
 n - 2 scrolls of identify {@r1}
 M - a scroll of immolation {!r}
Potions
 f - 3 potions of curing {@q1}
 i - a potion of brilliance {unknown}
 j - a potion of mutation {unknown}
 o - a potion of magic
 A - a potion of resistance {unknown}
 F - a potion of lignification {unknown}
 G - 2 potions of cancellation
Comestibles
 e - 14 rations {!d}


   Skills:
 + Level 9.2 Fighting
 + Level 9.6 Axes
 + Level 8.4 Armour
 + Level 8.5 Shields


You had 9 spell levels left.
You didn't know any spells.
Your spell library contained the following spells:

 Spells                   Type           Power        Failure   Level  Hunger
 Freeze                   Ice            #...         75%         1    ##.....
 Throw Frost              Conj/Ice       #.....       87%         2    ###....
 Ozocubu's Armour         Chrm/Ice       #.......     98%         3    ####...
 Summon Ice Beast         Ice/Summ       #.......     100%        4    #####..
 Throw Icicle             Conj/Ice       #.......     100%        4    #####..


Dungeon Overview and Level Annotations

Branches:
Dungeon (7/15)             Temple (0/1) D:6

Altars:
Ashenzari
Elyvilon
Nemelex Xobeh
Ru
Trog
Yredelemnul
Zin
The Shining One

Shops:
D:5 (   D:7 :[


Message History

You closely miss the hornet. You miss the hornet.
You block the hornet's attack. x2; The hornet stings you!
* * * LOW HITPOINT WARNING * * *
You are poisoned.
You feel better. The hornet stings you.
* * * LOW HITPOINT WARNING * * *
You block the hornet's attack. The hornet stings you.
* * * LOW HITPOINT WARNING * * *
You block the hornet's attack.
You closely miss the hornet. x2; The hornet stings you.
* * * LOW HITPOINT WARNING * * *
You block the hornet's attack.
Unknown command.
You hit the hornet. You barely miss the hornet. The hornet stings you.
* * * LOW HITPOINT WARNING * * *
You suddenly lose the ability to move!
The hornet stings you but does no damage.
The hornet barely misses you. The hornet stings you.
* * * LOW HITPOINT WARNING * * *
Your extra speed is starting to run out.
The hornet stings you but does no damage.
The hornet stings you.
* * * LOW HITPOINT WARNING * * *
You feel as though you will be slow longer.
The hornet stings you but does no damage.
You can move again.
You block the hornet's attack. You block the hornet's attack.
You block the hornet's attack.
Okay, then.
You slash the hornet!
You feel yourself slow down. You block the hornet's attack.
You hit the hornet.
You kill the hornet!
You block the hornet's attack. The hornet stings you.
* * * LOW HITPOINT WARNING * * *
Your shield prevents you from hitting the hornet.
You block the hornet's attack.
The hornet stings you but does no damage.
You closely miss the hornet. The hornet closely misses you.
The hornet stings you.
* * * LOW HITPOINT WARNING * * *
You are lethally poisoned!
You feel as though you will be slow longer.
You feel better. You block the hornet's attack. x2
You hit the hornet but do no damage. The hornet stings you!
* * * LOW HITPOINT WARNING * * *
You block the hornet's attack. The hornet stings you.
You die...

#.........,,* **************
#.P.......,,* .,,,,,,,,,,,,*
*P_P......,,* .,,,,***,*****
*#........,,* .,,,,* *,*
#..%.....,,* ....,***,*
#........,** .#.####,,* ###
###.>......,,*
......,,*###.#####..†.......,,*
....>###*#...#))@y.##.......,,*
.......###.#...#####*.......,,*
.....#......#..# *.......,,*
............#..## **.......,**
.._.............## *,.#.....**
_..._.......###..##*,#######*
............# ##..##.#
..⌠.........#####.[..#
.....................#***


You could see a hornet.

Vanquished Creatures
  A shambling mangrove (D:7)
  Prince Ribbit (D:7)
  A blink frog (D:7)
  2 hornets (D:7)
  The ghost of PaladinM the Slasher, an amateur HuWr (D:3)
  Menkaure (D:7)
  2 orc warriors
  A black bear (D:7)
  2 phantoms
  2 ogres (D:6)
  A centaur (D:7)
  3 bullfrogs (D:7)
  A wyvern skeleton (D:7)
  A scorpion (D:4)
  3 killer bees (D:7)
  A howler monkey (D:5)
  A bullfrog zombie (D:5)
  2 centaur skeletons
  2 hounds (D:6)
  5 orc priests
  A bullfrog skeleton (D:4)
  Crazy Yiuf (D:6)
  2 iguanas (D:6)
  6 orc wizards
  2 worker ants
  A hound skeleton (D:7)
  A howler monkey zombie (D:6)
  7 gnolls
  9 adders
  A shadow imp (D:7)
  2 oozes (D:4)
  An adder zombie (D:5)
  5 worms
  2 dart slugs
  8 leopard geckos
  22 orcs
  5 giant cockroaches
  13 goblins
  8 hobgoblins
  3 jackals (D:7)
  12 kobolds
  A quokka (D:5)
  2 ball pythons
  7 bats
  8 frilled lizards
  A jackal skeleton (D:5)
  A leopard gecko skeleton (D:6)
  A quokka skeleton (D:4)
  7 rats
174 creatures vanquished.

Notes
Turn   | Place    | Note
-------+----------+-------------------------------------------
     0 | D:1      | MalarOregon the Hill Orc Fighter began the quest for the
                  | Orb.
     0 | D:1      | Reached XP level 1. HP: 19/19 MP: 1/1
   159 | D:1      | Reached XP level 2. HP: 27/27 MP: 2/2
   559 | D:1      | Reached XP level 3. HP: 30/33 MP: 3/3
   856 | D:2      | Reached XP level 4. HP: 24/41 MP: 4/4
  1283 | D:2      | Reached XP level 5. HP: 47/47 MP: 5/5
  1804 | D:3      | Found a large runed door.
  1807 | D:3      | Found a large runed door.
  1812 | D:3      | Noticed PaladinM's ghost (amateur HuWr)
  1860 | D:3      | Killed PaladinM's ghost
  1860 | D:3      | Reached skill level 5 in Fighting
  1860 | D:3      | Reached XP level 6. HP: 32/56 MP: 6/6
  2181 | D:4      | Reached skill level 5 in Axes
  2199 | D:4      | Reached skill level 5 in Shields
  2221 | D:4      | Reached skill level 5 in Armour
  2221 | D:4      | Reached XP level 7. HP: 27/61 MP: 7/7
  3038 | D:4      | Found a sparkling altar of Nemelex Xobeh.
  3078 | D:5      | Entered Level 5 of the Dungeon
  3341 | D:5      | Found a bloodstained altar of Trog.
  3507 | D:5      | Got a crystal mace
  3618 | D:5      | Found Uretto's Antique Weapon Emporium.
  3765 | D:6      | Reached XP level 8. HP: 25/71 MP: 8/8
  3981 | D:6      | Found a staircase to the Ecumenical Temple.
  4044 | D:6      | Found a runed door.
  5404 | D:6      | Noticed Crazy Yiuf
  5410 | D:6      | Killed Crazy Yiuf
  5581 | D:7      | Reached XP level 9. HP: 13/79 MP: 9/9
  5980 | D:7      | Found a glowing golden altar of the Shining One.
  5980 | D:7      | Found a white marble altar of Elyvilon.
  5980 | D:7      | Found a shattered altar of Ashenzari.
  5984 | D:7      | Found a sacrificial altar of Ru.
  5984 | D:7      | Found a basalt altar of Yredelemnul.
  5985 | D:7      | Found a glowing silver altar of Zin.
  5996 | D:7      | Noticed Prince Ribbit
  6018 | D:7      | HP: 2/81 [Prince Ribbit (11)]
  6024 | D:7      | Killed Prince Ribbit
  6055 | D:7      | Noticed Menkaure
  6059 | D:7      | HP: 4/81 [Menkaure/nerve-wracking pain (2)]
  6416 | D:7      | Found Gaonn's Armour Shoppe.
  6421 | D:7      | Killed Menkaure
  6433 | D:7      | Found Fuprur's Book Emporium.
  6441 | D:7      | Bought the cursed +1 ring mail "Nestett" {rPois MP-9 Str+4}
                  | for 87 gold pieces
  6799 | D:7      | Found a sparkling altar of Nemelex Xobeh.
  6799 | D:7      | Noticed an oklob plant
  7395 | D:7      | Noticed a shambling mangrove
  7395 | D:7      | an oklob plant changed into a shambling mangrove
  7405 | D:7      | Noticed a hornet
  7405 | D:7      | Noticed a hornet
  7405 | D:7      | Noticed a hornet
  7406 | D:7      | Killed a shambling mangrove
  7410 | D:7      | Killed a hornet
  7410 | D:7      | Reached XP level 10. HP: 39/91 MP: 1/10
  7423 | D:7      | Paralysed by a hornet for 2 turns
  7432 | D:7      | HP: 3/91 [hornet[a shambling mangrove] (6)]
  7434 | D:7      | Slain by a hornet

Skill      XL: |  1  2  3  4  5  6  7  8  9 |
---------------+----------------------------+-----
Axes           | 3 4 5 6 7 9 |  9.6
Fighting       | 4 5 6 7 9 |  9.2
Shields        | 4 5 6 8 |  8.5
Armour         | 4 5 6 8 |  8.4

Action                   |  1- 3 |  4- 6 |  7- 9 | 10-12 || total
-------------------------+-------+-------+-------+-------++-------
Melee: War axe           |    77 |   214 |   426 |    15 ||   732
Evoke: Wand              |       |       |     6 |       ||     6
  Use: Scroll            |       |     3 |    16 |       ||    19
       Potion            |       |       |     9 |     4 ||    13
  Eat: Chunk             |       |     5 |    17 |       ||    22
Armor: Scale mail        |    41 |    97 |    35 |       ||   173
       Plate armour      |       |       |   126 |       ||   126
       Ring mail         |       |       |    13 |     8 ||    21
Dodge: Dodged            |    25 |    52 |    81 |     7 ||   165
Block: Shield            |    42 |   123 |   262 |    31 ||   458
